 Dungeon Crawl Stone Soup version 0.31.0-11-ge490571c62 (webtiles) character file.

Game seed: 12901475996184245243

80740 emikaela the Protected (level 15, -4/132 HPs)
             Began as an Armataur Reaver on Feb 1, 2024.
             Was an Initiate of Gozag.
             Collided with a rock wall (7 damage)
             ... after being knocked back by a rakshasa
             ... on level 14 of the Dungeon on Feb 2, 2024.
             The game lasted 01:46:04 (26976 turns).

emikaela the Protected (Armataur Reaver)           Turns: 26976, Time: 01:46:05

Health: -4/132     AC: 17    Str: 27    XL:     15   Next: 24%
Magic:  22/22      EV: 10    Int: 23    God:    Gozag
Gold:   353        SH:  0    Dex: 10    Spells: 19/24 levels left

rFire   + . .        x - +10 whip of the King {drain, Fly rElec Str-3 Int+8 Stlth+}
rCold   + + .        (no shield)
rNeg    . . .        m - quicksilver dragon scales
rPois   .            L - +1 helmet
rElec   +            r - scarf {rC+ rF+}
rCorr   .            z - +1 pair of gloves
SInv    +            (no barding)
Will    ++...        c - amulet of the acrobat
Stlth   +++          T - ring "Reohol" {rC+ Int+2 SInv}
HPRegen 0.42/turn    Q - +6 ring of strength
MPRegen 0.18/turn

%: acrobat, roll
@: flying
A: large, deformed body, tough skin 3, armoured tail, roll 2
a: Renounce Religion, Potion Petition, Call Merchant, Bribe Branch


You were on level 14 of the Dungeon.
You worshipped Gozag.
Gozag was aware of your devotion.
You visited 4 branches of the dungeon, and saw 22 of its levels.
You also visited: Ossuary and Bailey.

You collected 8241 gold pieces.
You spent 1630 gold pieces at shops.
You donated 33 gold pieces to Zin.
You paid 6225 gold pieces to Gozag.

Inventory:

Hand Weapons
 x - the +10 whip of the King (weapon) {drain, Fly rElec Str-3 Int+8 Stlth+}
   (You found it on level 3 of the Dungeon)

   Str-3:     It affects your strength (-3).
   Int+8:     It affects your intelligence (+8).
   rElec:     It insulates you from electricity.
   Fly:       It grants you flight.
   Stlth+:    It makes you more stealthy.
Missiles
 a - 36 boomerangs
 j - 4 javelins
 n - a throwing net {!f}
 s - 148 stones (quivered)
 u - 74 poisoned darts
 v - 2 silver javelins
 O - 9 curare-tipped darts {!f}
 P - 14 atropa-tipped darts
Armour
 m - quicksilver dragon scales (worn)
 r - a scarf of resistance (worn)
 w - a +2 chain mail of poison resistance
 z - a +1 pair of gloves (worn)
 L - a +1 helmet (worn)
 Y - the +0 scale mail of Boppaosy {rElec rC+++ Int-4 Stlth+}
   (You bought it in a shop on level 1 of the Lair of Beasts)

   Int-4:     It affects your intelligence (-4).
   rC+++:     It renders you almost immune to cold.
   rElec:     It insulates you from electricity.
   Stlth+:    It makes you more stealthy.
Jewellery
 c - an amulet of the acrobat (around neck)
 q - an amulet of magic regeneration
 Q - a +6 ring of strength (right hand)
 R - a ring of protection from fire
 T - the ring "Reohol" (left hand) {rC+ Int+2 SInv}
   (You found it on level 13 of the Dungeon)

   [ring of protection from cold]

   Int+2:     It affects your intelligence (+2).
   rC+:       It protects you from cold.
   SInv:      It lets you see invisible.
 X - a ring of protection from fire
Wands
 B - a wand of iceblast (15)
 F - a wand of flame (75)
 G - a wand of digging (3)
 J - a wand of charming (17)
 V - a wand of light (3)
Scrolls
 e - 4 scrolls of enchant weapon
 f - 4 scrolls of fear
 g - a scroll of fog
 h - a scroll of poison {!r}
 k - 3 scrolls of revelation
 l - 4 scrolls of blinking
 o - 5 scrolls of immolation {!r}
 p - 14 scrolls of teleportation
 t - 3 scrolls of enchant armour
 y - 4 scrolls of torment {unknown}
 A - 3 scrolls of amnesia
 C - 2 scrolls of brand weapon
Potions
 b - 4 potions of brilliance
 d - 7 potions of ambrosia
 i - a potion of lignification {unknown}
 D - 6 potions of might
 E - a potion of magic
 H - 3 potions of mutation {!q}
 I - a potion of cancellation {unknown}
 K - a potion of resistance
 M - a potion of enlightenment
 N - a potion of invisibility
 S - 4 potions of heal wounds
 U - 2 potions of haste
 W - 8 potions of curing
 Z - a potion of attraction {!q}


   Skills:
 - Level 12.0 Fighting
 - Level 12.0 Maces & Flails
 - Level 13.0 Armour
 + Level 5.4 Dodging
 - Level 5.0 Stealth
 - Level 5.0 Spellcasting
 - Level 6.0 Conjurations
 - Level 7.0 Translocations
 + Level 12.7 Evocations


You had 19 spell levels left.
You knew the following spells:

 Your Spells              Type           Power      Damage    Failure   Level
b - Iskenderun's Mystic   Conj/Tloc      35%        2d8       9%          4
p - Apportation           Tloc           74%        N/A       1%          1

Your spell library contained the following spells:

 Spells                   Type           Power      Damage    Failure   Level
 Lesser Beckoning         Tloc           74%        N/A       1%          2
 Momentum Strike          Conj/Tloc      70%        3d9       1%          2
 Gell's Gravitas          Tloc           37%        N/A       1%          3
 Teleport Other           Tloc           37%        N/A       1%          3
 Foxfire                  Conj/Fire      76%        2x1d7     3%          1
 Kiss of Death            Conj/Necr      76%        2d11      3%          1
 Volatile Blastmotes      Fire/Tloc      42%        2d13      9%          3
 Hailstorm                Conj/Ice       19%        3d7       11%         3
 Jinxbite                 Hex            10%        N/A       19%         2
 Scorch                   Fire           10%        2d5       19%         2
 Sublimation of Blood     Necr           5%         N/A       19%         2
 Vhi's Electric Charge    Tloc/Air       42%        N/A       28%         4
 Flame Wave               Conj/Fire      19%        2d7       34%         4
 Fulminant Prism          Conj/Alch      9%         3d7       34%         4
 Vampiric Draining        Necr           5%         2d6       36%         3
 Arcjolt                  Conj/Air       9%         1d19      69%         5
 Anguish                  Hex/Necr       2%         N/A       77%         4
 Ignite Poison            Fire/Alch      5%         N/A       77%         4
 Martyr's Knell           Necr/Summ      5%         N/A       77%         4
 Sticky Flame             Fire/Alch      5%         2d4       77%         4
 Summon Blazeheart Golem  Fire/Summ      5%         N/A       77%         4
 Alistair's Intoxication  Alch           3%         N/A       98%         5
 Borgnjor's Vile Clutch   Necr/Erth      2%         N/A       98%         5
 Starburst                Conj/Fire      9%         6d5       99%         6
 Death Channel            Necr           2%         N/A       100%        6
 Plasma Beam              Fire/Air       2%         2x1d12    100%        6
 Summon Cactus Giant      Summ           2%         N/A       100%        6
 Malign Gateway           Summ/Tloc      10%        N/A       100%        7
 Summon Hydra             Summ           2%         N/A       100%        7
 Ignition                 Fire           2%         3d3       100%        8


Dungeon Overview and Level Annotations

Branches:
Dungeon (14/15)            Temple (1/1) D:7            Lair (5/5) D:8
 Shoals (0/4) Lair:2        Snake (0/4) Lair:2        Slime (0/5) Lair:5
    Orc (2/2) D:12            Elf (0/3) Orc:2       Ossuary (visited)
 Bailey (visited)
 Vaults: D:13-14

Altars:
Ashenzari
Cheibriados
Dithmenos
Elyvilon
Fedhas
Gozag
Hepliaklqana
Kikubaaqudgha
Makhleb
Nemelex Xobeh
Okawaru
Qazlal
Ru
Sif Muna
Trog
Uskayaw
Vehumet
Wu Jian
Xom
Yredelemnul
Zin
The Shining One
Lugonu

Shops:
D:12 !   D:13 :   D:14 :   Orc:1 [   Orc:2 [[[=   Lair:1 (*[*=

Portals:
Abyss: Lair:5

Annotations:
D:12 Azrael
Lair:4 exclusion: 2 oklob plants
Orc:1 exclusion: oklob plant


Innate Abilities, Weirdness & Mutations

Armour fits poorly on your strangely shaped body.
You have extremely tough skin. (AC +3)
You have a long armoured tail.
You regenerate magic and health when rolling toward enemies. (Rampage Regen)


Message History

The manticore is moderately wounded.
The rakshasa blinks!
The rakshasa hits you with a +0 long sword!
The manticore bites you but does no damage.
The manticore claws you but does no damage.
The manticore closely misses you.
You whack the rakshasa!
You kill the rakshasa!
The rakshasa shimmers and vanishes!
You closely miss the manticore.
The manticore is heavily wounded.
The manticore bites you but does no damage.
The manticore claws you but does no damage.
The manticore barely misses you. x2; The manticore misses you.
The manticore claws you but does no damage.
The rakshasa barely misses you.
You hit the manticore. You drain the manticore.
Your tail-slap misses the manticore.
The manticore is severely wounded.
You whack the manticore! You drain the manticore.
The manticore is almost dead.
The manticore bites you but does no damage.
The manticore claws you. The manticore claws you!
* * * LOW HITPOINT WARNING * * *
The rakshasa misses you.
The manticore bites you but does no damage.
The manticore barely misses you.
The manticore claws you but does no damage.
You hit the manticore but do no damage.
The manticore is almost dead.
You completely miss the manticore.
The manticore is almost dead.
You carefully extract the barbed spikes from your body.
The rakshasa gestures at you. The lance of force hits you!!
* * * LOW HITPOINT WARNING * * *
You are knocked back by the lance of force.
You slam into the rock wall!
You die...
Your body crumbles into a pile of gold.

#...♣♣♣...# #...#
~~ #..♣♣_♣P..#
##~..# .
#..♣♣.'...# #.≈≈##
#..♣8_'...# #≈.≈≈#
#.. .'...###≈.#≈##
#.. ♣...#≈≈~##≈≈#
#...♣♣♣HHR####.##≈#
#.........# #.≈##≈#
.......@#.###≈~####
#####.###.$.≈~##
.'# ###.≈.# ....
#..#.# #).. ######
#.. +


You could see a rakshasa and 2 manticores.

Vanquished Creatures
  Snorg (Lair:5)
  Josephine (D:11)
  Erolcha (Orc:2)
  A catoblepas (Lair:3)
  7 hydras
  An anaconda (Lair:3)
  A two-headed ogre (D:10)
  A centaur warrior (D:13)
  4 boulder beetles
  4 tengu warriors (D:12)
  A death yak (Lair:3)
  3 orc high priests
  2 thrashing horrors (Lair:5)
  Sonja (Orc:2)
  2 skysharks (Lair:4)
  An arcanist (D:13)
  A lindwurm (Lair:3)
  4 harpies (D:12)
  Pikel (D:5)
  5 orc sorcerers
  2 deep elf pyromancers
  A large abomination (Lair:5)
  3 manticores
  Maurice (D:8)
  A cyclops (D:12)
  8 elephants
  7 ugly things
  3 black mambas
  3 smoke demons (Lair:5)
  2 gargoyles
  16 cane toads
  5 torpor snails
  A yaktaur (shapeshifter) (Lair:5)
  Maggie (D:7)
  A rime drake (Lair:2)
  Jeremiah (D:7)
  6 komodo dragons
  2 trolls
  A hornet (D:9)
  A queen bee (Lair:2)
  A polar bear (Lair:1)
  26 blink frogs
  2 raiju (Lair:5)
  5 dream sheep (Lair:5)
  10 slime creatures
  A centaur simulacrum (D:14)
  6 wraiths (D:11)
  A spriggan (Lair:5)
  4 water elementals (D:10)
  2 ynoxinuls (Lair:5)
  2 vampires
  5 basilisks
  3 wyverns
  54 yaks
  2 fire elementals (D:12)
  A warg (Orc:1)
  A steam dragon (D:9)
  3 nagas (Lair:2)
  4 vampire mosquitoes
  2 hell hounds (D:12)
  Duvessa (D:7)
  21 water moccasins
  26 orc warriors
  3 black bears
  5 ice beasts
  2 sky beasts
  11 small abominations (Lair:5)
  5 ogres
  9 centaurs
  20 wolves
  A lemure (D:5)
  11 kobold brigands
  14 bullfrogs
  A gnoll sergeant (D:9)
  4 scorpions
  6 wights
  A burial acolyte (Ossuary)
  Dowan (D:7)
  25 killer bees (Lair:2)
  6 howler monkeys
  4 electric eels
  2 bombardier beetles
  9 jellies
  24 orc priests
  4 hounds
  A gnoll bouda (D:5)
  Jessica (D:2)
  Terence (D:2)
  6 iguanas
  Natasha (thrice) (D:2)
  51 orc wizards
  6 hell rats (Lair:5)
  2 mummies
  8 adders
  11 gnolls
  A shadow imp (D:8)
  A white imp (D:7)
  6 ufetubi
  8 ribbon worms
  4 dart slugs
  91 orcs
  8 bats
  3 endoplasms
  2 giant cockroaches
  12 goblins
  5 hobgoblins
  6 quokkas
  5 ball pythons
  4 frilled lizards
  9 gnoll skeletons (Ossuary)
  36 kobolds
  8 kobold skeletons (Ossuary)
  3 orc skeletons (Ossuary)
  6 rats
768 creatures vanquished.

Vanquished Creatures (others)
  An orc wizard (Orc:2)
  4 orcs (D:12)
5 creatures vanquished.

Grand Total: 773 creatures vanquished

Notes
Turn   | Place    | Note
-------+----------+-------------------------------------------
     0 | D:1      | emikaela the Armataur Reaver began the quest for the Orb.
     0 | D:1      | Reached XP level 1. HP: 17/17 MP: 3/3
    77 | D:1      | Reached XP level 2. HP: 25/25 MP: 4/4
   359 | D:1      | Got Sif Muna's Spellbook of the Morbid Sun
   580 | D:2      | Reached XP level 3. HP: 28/31 MP: 5/5
   872 | D:2      | Noticed Jessica
   878 | D:2      | Killed Jessica
   879 | D:2      | Reached XP level 4. HP: 32/40 MP: 6/6
  1128 | D:2      | Noticed Terence
  1323 | D:2      | Killed Terence
  1324 | D:2      | Reached skill level 1 in Evocations
  1435 | D:2      | Noticed Natasha
  1444 | D:2      | Killed Natasha
  1445 | D:2      | Reached XP level 5. HP: 22/30 MP: 7/7
  1546 | D:2      | Noticed Natasha
  1550 | D:2      | Killed Natasha
  1639 | D:2      | Noticed Natasha
  1644 | D:2      | Killed Natasha
  2593 | D:3      | Identified the +10 whip of the King {drain, Fly rElec Str-3
                  | Int+8 Stlth+}
  2708 | D:3      | Reached XP level 6. HP: 34/46 MP: 8/8
  2812 | D:3      | Reached skill level 5 in Fighting
  3301 | D:3      | Found a glowing golden altar of the Shining One.
  4154 | D:5      | Entered Level 5 of the Dungeon
  4169 | D:5      | Reached skill level 5 in Maces & Flails
  4169 | D:5      | Gained mutation: You regenerate magic and health when
                  | rolling toward enemies. (Rampage Regen) [Armataur growth]
  4169 | D:5      | Reached XP level 7. HP: 51/61 MP: 9/9
  4176 | D:5      | Found a sand-covered staircase.
  4196 | Ossuary  | Entered an ossuary
  4345 | Ossuary  | Found an ancient bone altar of Kikubaaqudgha.
  4712 | D:5      | Reached XP level 8. HP: 68/68 MP: 10/10
  4760 | D:5      | Noticed Pikel
  4774 | D:5      | Killed Pikel
  5422 | D:6      | Reached XP level 9. HP: 74/74 MP: 11/11
  5920 | D:6      | Found a shimmering altar of Xom.
  6308 | D:7      | Noticed Jeremiah
  6368 | D:7      | Found a staircase to the Ecumenical Temple.
  6374 | Temple   | Entered the Ecumenical Temple
  6399 | Temple   | Became a worshipper of Elyvilon the Healer
  6452 | Temple   | Fell from the grace of Elyvilon
  6452 | Temple   | Became a worshipper of Zin the Law-Giver
  6452 | Temple   | Reached * piety under Zin
  6478 | Temple   | Fell from the grace of Zin
  6478 | Temple   | Became a worshipper of Gozag Ym Sagoz the Greedy
  6602 | D:7      | Found an iron altar of Okawaru.
  6668 | D:7      | Found a snail-covered altar of Cheibriados.
  6683 | D:7      | Noticed Maggie
  6696 | D:7      | Killed Maggie
  6697 | D:7      | Reached skill level 5 in Evocations
  6811 | D:7      | Noticed Dowan
  6813 | D:7      | Noticed Duvessa
  6829 | D:7      | Killed Dowan
  6830 | D:7      | Killed Duvessa
  6976 | D:7      | Killed Jeremiah
  6977 | D:7      | Reached skill level 10 in Maces & Flails
  7437 | D:8      | Reached XP level 10. HP: 88/88 MP: 12/12
  7584 | D:8      | Found a flagged portal.
  7626 | Bailey   | Entered a bailey
  7802 | Bailey   | Found an iron altar of Okawaru.
  8016 | D:8      | Noticed Maurice
  8039 | D:8      | Maurice stole 34 poisoned darts
  8039 | D:8      | Maurice stole an amulet of magic regeneration
  8043 | D:8      | Maurice stole a +0 orcbow of electrocution
  8044 | D:8      | Maurice stole an orb of energy
  8046 | D:8      | Killed Maurice
  8222 | D:8      | Found a staircase to the Lair.
  8668 | D:8      | Reached XP level 11. HP: 45/94 MP: 13/13
  8865 | D:8      | Reached skill level 5 in Dodging
  9070 | D:9      | Reached skill level 1 in Armour
  9143 | D:9      | Reached skill level 2 in Armour
  9263 | D:9      | Found a basalt altar of Yredelemnul.
  9287 | D:9      | Reached skill level 3 in Armour
  9567 | D:10     | Entered Level 10 of the Dungeon
  9855 | D:10     | Reached skill level 4 in Armour
  9877 | D:10     | Reached skill level 5 in Armour
  9962 | D:10     | Noticed a two-headed ogre
  9970 | D:10     | Killed a two-headed ogre
  9971 | D:10     | Reached skill level 6 in Armour
 10199 | D:10     | Reached skill level 7 in Armour
 10530 | D:10     | Reached skill level 8 in Armour
 10974 | Lair:1   | Entered Level 1 of the Lair of Beasts
 10992 | D:8      | Reached skill level 9 in Armour
 11246 | D:8      | Reached skill level 10 in Armour
 11425 | Lair:1   | Reached skill level 11 in Armour
 11445 | Lair:1   | Reached XP level 12. HP: 101/101 MP: 14/14
 12109 | Lair:1   | Reached skill level 12 in Armour
 12541 | Lair:2   | Noticed an eight-headed hydra
 12549 | Lair:2   | Killed an eight-headed hydra
 12550 | Lair:2   | Reached skill level 13 in Armour
 12831 | Lair:2   | Found a staircase to the Shoals.
 13012 | Lair:2   | Found a snail-covered altar of Cheibriados.
 13051 | Lair:2   | Reached skill level 10 in Fighting
 13251 | Lair:2   | Found a staircase to the Snake Pit.
 14130 | Lair:3   | Reached XP level 13. HP: 86/116 MP: 15/15
 14523 | Lair:3   | Reached skill level 1 in Stealth
 15132 | Lair:3   | Got The Final Tome of of the Hermit's Heritage
 15154 | Lair:3   | Got Kikubaaqudgha's Handbook of Despicable Magic
 15433 | Lair:3   | Reached skill level 5 in Stealth
 15943 | Lair:4   | Found a glowing silver altar of Zin.
 16609 | Lair:4   | Learned a level 1 spell: Apportation
 17246 | Lair:5   | Entered Level 5 of the Lair of Beasts
 17334 | Lair:5   | Learned a level 4 spell: Iskenderun's Mystic Blast
 17563 | Lair:5   | Reached skill level 1 in Translocations
 17672 | Lair:5   | Found a staircase to the Slime Pits.
 17997 | Lair:5   | Reached skill level 10 in Evocations
 18116 | Lair:5   | Reached XP level 14. HP: 57/126 MP: 17/17
 18410 | Lair:5   | Got the Secrets of Coruscating Darkness
 18932 | Lair:5   | Noticed Snorg
 18949 | Lair:5   | Killed Snorg
 19147 | Lair:5   | Reached skill level 5 in Translocations
 19594 | Lair:5   | Found a corrupted altar of Lugonu.
 19594 | Lair:5   | Found a one-way gate to the infinite horrors of the Abyss.
 19808 | Lair:1   | Bought an ichor-stained scale mail for 351 gold pieces
 19808 | Lair:1   | Identified the +0 scale mail of Boppaosy {rElec rC+++ Int-4
                  | Stlth+} (You bought it in a shop on level 1 of the Lair of
                  | Beasts)
 19914 | D:11     | Noticed Josephine
 19970 | D:11     | Killed Josephine
 20964 | D:12     | Found Toliemy's Distillery.
 21031 | D:12     | Found a staircase to the Orcish Mines.
 21501 | D:12     | Noticed Azrael
 21527 | D:12     | Reached skill level 5 in Conjurations
 21587 | D:12     | HP: 4/126 [Azrael/damnation (19)]
 22728 | Orc:1    | Entered Level 1 of the Orcish Mines
 23068 | Orc:2    | Entered Level 2 of the Orcish Mines
 23126 | Orc:2    | Found a staircase to the Elven Halls.
 23126 | Orc:2    | Noticed Erolcha
 23137 | Orc:2    | Killed Erolcha
 23662 | Orc:2    | Reached skill level 5 in Spellcasting
 24081 | Orc:1    | Found Panulaen's Antique Armour Boutique.
 24233 | Orc:1    | Bought a crude ring mail for 207 gold pieces
 24233 | Orc:1    | Identified the +1 ring mail "Jac Api" {*Corrode rPois rF+
                  | Dex+3} (You bought it in a shop on level 1 of the Orcish
                  | Mines)
 24233 | Orc:1    | Bought a shiny helmet for 172 gold pieces
 24320 | Orc:1    | Reached XP level 15. HP: 111/130 MP: 22/22
 24435 | Orc:2    | Noticed Sonja
 24589 | Orc:2    | Killed Sonja
 24842 | Orc:2    | Found Qetist's Armour Shoppe.
 24842 | Orc:2    | Found Bouguduc's Armour Emporium.
 24873 | Orc:2    | Found Nuimp's Jewellery Emporium.
 24877 | Orc:2    | Found Conualuz's Antique Armour Shoppe.
 25519 | Orc:2    | Bought quicksilver dragon scales for 900 gold pieces
 25609 | D:13     | Found Kitrad's Book Shoppe.
 26234 | D:13     | Identified the ring "Reohol" {rC+ Int+2 SInv}
 26861 | D:14     | Found Juatiudub's Vocational Training.
 26943 | D:14     | Found a white marble altar of Elyvilon.
 26944 | D:14     | Found a glowing golden altar of the Shining One.
 26976 | D:14     | HP: 3/132 [rakshasa/lance of force (26)]
 26976 | D:14     | Collided with a rock wall

Illustrated notes

Levels and vault maps discovered:
D:1:      mrwooster_arrival_arrow, layout_rooms, ebering_dispersal_statue_hall
D:2:      layout_loops_ring, chequers_serial_rivers_large_a, amethyst_killhole,
          guppyfry_early_orc_mine, uniq_terence, uniq_natasha, uniq_jessica
D:3:      layout_basic, nicolae_overflow_hidden_temple, grunt_ministairs_11
D:4:      layout_basic, serial_curves, eino_curves_01, eino_curves_02,
          chequers_serial_rivers_micro_c
D:5:      layout_loops_ring, gup_ossuary_entry_pyramid, uniq_pikel
D:6:      layout_loops_corners, mainiacjoe_overflow_24_doors,
          minmay_misc_feat_chi
D:7:      layout_loops_ring, mainiacjoe_overflow_concentric_impassable,
          mainiacjoe_overflow_tiny_flanked, minmay_temple_entry_hall,
          kennysheep_generic_room_4, uniq_duvessa, uniq_jeremiah, uniq_maggie
D:8:      layout_loops_ring, lair_entry_dummy, enter_bailey_5,
          kennysheep_generic_room_12, uniq_maurice
D:9:      layout_cave_pools, lemuel_crystal_altar
D:10:     minmay_cornered_nines, layout_gridville,
          serial_library_hellmonk_hallway_b, nicolae_underground_beach
D:11:     layout_roguey, serial_bayou_lake_a, uniq_josephine
D:12:     layout_roguey, hiddenorc2_lemuel, serial_shops, shop,
          hangedman_aviary, uniq_azrael
D:13:     layout_basic, nicolae_stop_n_shop_2
D:14:     minmay_expanding_circles, layout_basic, grunt_vaults_entry_tiered,
          good_gods_mini_temple, serial_rivers, chequers_serial_rivers_large_b,
          chequers_serial_rivers_micro_b, chequers_serial_rivers_micro_b,
          chequers_serial_rivers_small_b, nicolae_shop_vocational
Temple:   minmay_crystal_spiral_temple
Lair:1:   layout_long_grid, grunt_megastairs_4
Lair:2:   layout_misc_corridors, minmay_shoals_entry_centaurs,
          nicolae_snake_entry_squirm, special_room [special_room_bee],
          st_stairs_13, kennysheep_snail_temple
Lair:3:   nzn_winding_woodlands_large [nzn_winding_woodlands_hourglass,
          nzn_winding_woodlands_5x15_sawtooth,
          nzn_winding_woodlands_5x5_checkerboard,
          nzn_winding_woodlands_center_diamonds,
          nzn_winding_woodlands_15x15_eel_pit,
          nzn_winding_woodlands_center_triple_pond,
          nzn_winding_woodlands_5x5_cross,
          nzn_winding_woodlands_5x15_concentric,
          nzn_winding_woodlands_5x5_default], layout_cave_pods
Lair:4:   layout_small_grid, basic_altar, chequers_serial_rivers_micro_b,
          dpeg_oklob_1, lemuel_fruit_tree
Lair:5:   hellmonk_lair_end_abyssal_woods, layout_loops_ring,
          nicolae_slime_entry_field_trip, uniq_snorg
Orc:1:    layout_diamond_mine, serial_shops, nicolae_shop_scrapyard,
          mines3_lemuel
Orc:2:    st_orc_mages, layout_caves, nicolae_orc_bridge_out, uniq_sonja,
          uniq_erolcha

Skill      XL: |  1  2  3  4  5  6  7  8  9 10 11 12 13 14 15 |
---------------+----------------------------------------------+-----
Fighting       | 2 3 4 5 7 8 11 12 | 12.0
Evocations     | 1 2 3 5 10 11 12 | 12.7
Maces & Flails | 5 6 9 10 11 12 | 12.0
Dodging        | 4 5 |  5.4
Armour         | 11 13 | 13.0
Stealth        | 5 |  5.0
Translocations | 2 7 |  7.0
Spellcasting   | 2 5 |  5.0
Conjurations   | 3 6 |  6.0

Action                     |  1- 3 |  4- 6 |  7- 9 | 10-12 | 13-15 || total
---------------------------+-------+-------+-------+-------+-------++-------
  Melee: Mace              |   114 |    66 |       |       |       ||   180
         Tailslap          |    12 |    16 |    38 |   141 |   305 ||   512
         Punch             |     1 |       |     3 |     7 |    19 ||    30
         Flail             |       |    20 |       |       |       ||    20
         Whip              |       |    80 |   259 |   906 |  1582 ||  2827
   Cast: Kiss of Death     |       |     4 |       |       |       ||     4
         Apportation       |       |       |       |       |     1 ||     1
 Invoke: Call Merchant     |       |       |       |     1 |     4 ||     5
         Potion Petition   |       |       |       |     1 |     2 ||     3
  Evoke: Wand              |       |       |       |     4 |     6 ||    10
    Use: Scroll            |       |       |    15 |     6 |     5 ||    26
         Potion            |       |       |       |       |     6 ||     6
   Stab: Distracted        |       |       |       |     6 |     5 ||    11
         Sleeping          |       |       |       |       |     2 ||     2
 Armour: Leather armour    |    76 |    26 |       |       |       ||   102
         Chain mail        |       |   108 |   145 |   492 |   839 ||  1584
         Quicksilver drago |       |       |       |       |   101 ||   101
  Dodge: Dodged            |    57 |    70 |    57 |   240 |   434 ||   858
